 Dungeon Crawl Stone Soup version 0.30-a0-954-gcf5f444c16 (webtiles) character file.

Game seed: 13789517986224164425

1387 FlurksSlurper the Insei (level 8, -3/56 (60) HPs)
             Began as a Demonspawn Gladiator on Mar 29, 2023.
             Slain by a wight
             ... wielding a +4 falchion
              (9 damage)
             ... on level 5 of the Dungeon.
             The game lasted 00:09:06 (4583 turns).

FlurksSlurper the Insei (Demonspawn Gladiator)      Turns: 4583, Time: 00:09:06

HP:   -3/56 (60)    AC: 11    Str: 15    XL:     8   Next: 40%
MP:   8/8           EV:  8    Int: 10    God:
Gold: 386           SH:  0    Dex: 18    Spells: 7/7 levels left

rFire   . . .      SeeInvis +    i - +2 rapier (venom)
rCold   . . .      Faith    .    (no shield)
rNeg    . . .      Spirit   .    q - +0 chain mail
rPois   .          Reflect  .    b - +0 helmet
rElec   .          Rampage  .    h - +0 cloak
rCorr   .                        (no gloves)
Will    .....                    (no boots) Stlth
                                 (no amulet)
HPRegen 0.29/turn                n - ring of see invisible
MPRegen 0.11/turn                (no ring)

@: drained
A: claws 1, thin skeletal structure 1, spiny 2
a: no special abilities


You were on level 5 of the Dungeon.
You visited 1 branch of the dungeon, and saw 6 of its levels.

You collected 386 gold pieces.

Inventory:

Hand Weapons
 i - a +2 rapier of venom (weapon)
 A - a +0 dagger of venom
Missiles
 c - 3 throwing nets (quivered)
 d - a javelin
 t - 4 poisoned darts
 F - 9 boomerangs
Armour
 b - a +0 helmet (worn)
 h - a +0 cloak (worn)
 q - a +0 chain mail (worn)
Magical Staves
 w - a staff of conjuration
Jewellery
 m - a +6 ring of strength
 n - a ring of see invisible (left claw)
Scrolls
 g - a scroll of summoning {unknown}
 j - a scroll of enchant armour {unknown}
 k - 2 scrolls of blinking
 l - 7 scrolls of identify
 o - a scroll of brand weapon {unknown}
 r - 2 scrolls of teleportation {unknown}
 s - a scroll of vulnerability {unknown}
 v - a scroll of torment {unknown}
 x - a scroll of silence {unknown}
 y - a scroll of fog {unknown}
 B - a scroll of amnesia {unknown}
 C - a scroll of enchant weapon {unknown}
 E - a scroll of fear {unknown}
 G - a scroll of noise {unknown}
 H - a scroll of immolation {unknown}
Potions
 a - 2 potions of brilliance {unknown}
 e - 2 potions of flight
 f - 3 potions of curing
 p - a potion of lignification
 u - 3 potions of berserk rage {unknown}
 z - a potion of mutation {unknown}
 D - a potion of heal wounds


   Skills:
 + Level 3.9 Fighting
 + Level 4.0 Short Blades
 + Level 2.5 Throwing
 + Level 4.2 Armour
 + Level 4.1 Dodging
 + Level 0.6 Stealth
 + Level 5.8 Unarmed Combat


You had 7 spell levels left.
You didn't know any spells.
Your spell library contained the following spells:

 Spells                   Type           Power      Damage    Failure   Level
 Tukima's Dance           Hex            0%         N/A       100%        3
 Passage of Golubria      Tloc           0%         N/A       100%        4
 Yara's Violent Unravell  Hex/Tmut       0%         3d3       100%        5


Dungeon Overview and Level Annotations

Branches:
Dungeon (6/15)
 Temple: D:4-7

Altars:
Cheibriados


Innate Abilities, Weirdness & Mutations

You have sharp fingernails.
You have a somewhat thin skeletal structure. (Dex +2, Stealth+)
You are mostly covered in sharp spines.


Message History

Things that are here:
a +0 mace; a +0 leather armour; an orc corpse You hit the orc.
The orc is poisoned.
The orc is almost dead.
The orc hits you from afar with a +0 trident.
The orc hits you but does no damage.
You hit the orc.
You kill the orc!
The orc hits you but does no damage. 2 wights come into view.
A wight comes into view. It is wielding a +3 hand axe.
The orc is struck by your spines. The orc hits you but does no damage.
Things that are here:
a +0 flail; an orc corpse The orc hits you but does no damage.
The orc attacks as you move away! The orc is struck by your spines.
The orc hits you but does no damage. x2
There is a stone staircase leading up here.
The wight hits you but does no damage. The wight barely misses you.
The orc hits you from afar with a +0 trident.
You climb upwards.
There is a stone staircase leading down here.
You closely miss the wight. The wight hits you with a +4 falchion!
You feel drained.
You hit the wight but do no damage. You claw the wight.
The wight is moderately damaged.
The wight hits you with a +4 falchion.
* * * LOW HITPOINT WARNING * * *
You hit the wight.
The wight is moderately damaged.
The wight is struck by your spines. The wight hits you with a +4 falchion.
* * * LOW HITPOINT WARNING * * *
You feel drained.
* * * LOW HITPOINT WARNING * * *
Okay, then.
As you read the scroll labelled XUS HOICAROC, it crumbles to dust.
It is a scroll of identify.
k - 2 scrolls of blinking The wight hits you with a +4 falchion!
You die...

#.#####.# #.# #.#
#####.#####.#
#.........#.#
##......##.#>#
.............#
.....#####.######
.....###........#####
................@z..#
.....###.#.#.##...#.#
.....# #.#.#.#.<..#.#
.....# #...#.#....#.#
.....# #.....#....#.#
.##### #.######..##.#
.# #.# #.....# .#
#.#######.#### ##
#.#.........#


You could see a wight.

Vanquished Creatures
  Prince Ribbit (D:6)
  Eustachio (D:4)
  2 black bears
  3 scorpions
  4 hounds
  3 orc priests
  A jelly (D:5)
  A gnoll bouda (D:4)
  An iguana (D:5)
  A sleepcap (D:6)
  Terence (D:2)
  2 orc wizards
  11 gnolls
  6 adders
  An ufetubus (D:4)
  3 worms
  7 dart slugs
  24 orcs
  6 ball pythons
  3 bats
  3 endoplasms
  3 giant cockroaches
  9 goblins
  6 hobgoblins
  2 jackals (D:1)
  3 quokkas
  2 frilled lizards
  10 kobolds
  5 rats
125 creatures vanquished.

Notes
Turn   | Place    | Note
-------+----------+-------------------------------------------
     0 | D:1      | FlurksSlurper the Demonspawn Gladiator began the quest for
                  | the Orb.
     0 | D:1      | Reached XP level 1. HP: 16/16 MP: 1/1
   132 | D:1      | Reached skill level 3 in Unarmed Combat
   179 | D:1      | Gained mutation: You have sharp fingernails. [demonic
                  | ancestry]
   179 | D:1      | Reached XP level 2. HP: 19/22 MP: 2/2
   810 | D:2      | Noticed Terence
   813 | D:2      | Gained mutation: You have a somewhat thin skeletal
                  | structure. (Dex +2, Stealth+) [demonic ancestry]
   813 | D:2      | Reached XP level 3. HP: 27/27 MP: 3/3
   851 | D:2      | HP: 1/27 [Terence/+0 short sword (2)]
   855 | D:2      | Killed Terence
  1014 | D:2      | Reached XP level 4. HP: 24/33 MP: 4/4
  1064 | D:2      | Reached skill level 1 in Armour
  1343 | D:2      | Identified the +2 robe "Xuippe Irgha" {rCorr}
  1391 | D:2      | Reached skill level 4 in Unarmed Combat
  1534 | D:3      | Gained mutation: You are partially covered in sharp spines.
                  | [demonic ancestry]
  1534 | D:3      | Reached XP level 5. HP: 39/39 MP: 5/5
  2418 | D:4      | Noticed Eustachio
  2468 | D:4      | Killed Eustachio
  2469 | D:4      | Reached skill level 5 in Unarmed Combat
  2469 | D:4      | Reached XP level 6. HP: 10/46 MP: 6/6
  2643 | D:4      | Found a snail-covered altar of Cheibriados.
  3075 | D:4      | Gained mutation: You are mostly covered in sharp spines.
                  | [demonic ancestry]
  3075 | D:4      | Reached XP level 7. HP: 30/51 MP: 7/7
  3690 | D:5      | Entered Level 5 of the Dungeon
  3924 | D:5      | Reached skill level 1 in Short Blades
  4413 | D:6      | Reached XP level 8. HP: 49/58 MP: 8/8
  4540 | D:6      | Noticed Prince Ribbit
  4552 | D:6      | Killed Prince Ribbit
  4583 | D:5      | Slain by a wight

Illustrated notes

Levels and vault maps discovered:
D:1:      dpeg_arrival_erosion, layout_loops_ring
D:2:      layout_basic, uniq_terence
D:3:      layout_loops_ring, serial_aquarium, aquarium_bridge_square
          [aquarium_subvault_bridge, aquarium_subvault_bridge,
          aquarium_subvault_balcony, aquarium_subvault_bridge],
          aquarium_window_1, aquarium_window_1, aquarium_window_3,
          aquarium_window_fake, aquarium_view_2a, aquarium_balcony_1b
D:4:      layout_basic, cheibriados_altar_1, uniq_eustachio
D:5:      layout_basic
D:6:      layout_cave_pools, jmf_multi_god_temple2, nicolae_benzene_ring,
          uniq_prince_ribbit1

Skill      XL: |  1  2  3  4  5  6  7  8 |
---------------+-------------------------+-----
Unarmed Combat | 3 4 5 |  5.8
Dodging        | 3 4 |  4.1
Armour         | 1 2 3 4 |  4.2
Throwing       | 2 |  2.5
Fighting       | 3 |  3.9
Short Blades   | 2 4 |  4.0
Stealth        | |  0.6

Action                     |  1- 3 |  4- 6 |  7- 9 || total
---------------------------+-------+-------+-------++-------
  Melee: Unarmed           |   125 |   125 |       ||   250
         Punch             |     1 |     3 |     7 ||    11
         Rapier            |       |    17 |   100 ||   117
  Throw: Dart              |       |    13 |       ||    13
    Use: Potion            |     2 |     4 |       ||     6
         Scroll            |       |       |     1 ||     1
   Stab: Sleeping          |       |     2 |       ||     2
 Armour: Leather armour    |    37 |       |       ||    37
         Ring mail         |    14 |     7 |       ||    21
         Chain mail        |       |    65 |    60 ||   125
         Skin              |       |    21 |       ||    21
  Dodge: Dodged            |    69 |    53 |    45 ||   167

Table legend: (Time is in decaauts)
 A = Elapsed time spent in this place.
 B = Non-inter-level travel time spent in this place.
 C = Inter-level travel time spent in this place.
 D = Time resting spent in this place.
 E = Time spent auto-exploring this place.
 F = Levels seen in this place.
 G = Mean time per level.
                   A        B        C        D        E       F      G
               +--------+--------+--------+--------+--------+-----+--------+
         Total |   4580 |   4445 |    135 |    294 |   2946 |   6 |  763.3 |
       Dungeon |   4580 |   4445 |    135 |    294 |   2946 |   6 |  763.3 |
               +--------+--------+--------+--------+--------+-----+--------+

Top non-repeatable levels by time:
     D:4: 1370 daAuts
     D:3: 917 daAuts
     D:1: 780 daAuts
     D:2: 702 daAuts
     D:5: 601 daAuts
     D:6: 208 daAuts
